 Dungeon Crawl Stone Soup version 0.31.0-12-g77e489cdc1 (webtiles) character file.

Game seed: 3164529167716564134

9664 Doomgape the Fighter (level 11, -1/73 HPs)
             Began as a Gargoyle Fighter on Feb 17, 2024.
             Was a Priest of Okawaru.
             Killed from afar by a deep elf knight (30 damage)
             ... with a shard of ice
             ... on level 10 of the Dungeon on Feb 18, 2024.
             The game lasted 00:27:31 (9505 turns).

Doomgape the Fighter (Gargoyle Fighter)             Turns: 9505, Time: 00:27:32

Health: -1/73      AC: 27    Str: 27    XL:     11   Next: 50%
Magic:  10/11      EV: 12    Int: 11    God:    Okawaru [***...]
Gold:   507        SH:  9    Dex:  9    Spells: 10/10 levels left

rFire   . . .        a - +1 flail (flame)
rCold   . . .        c - +0 buckler
rNeg    + + .        j - +1 plate armour
rPois   ∞            (no helmet)
rElec   +            v - +2 cloak
rCorr   .            (no gloves)
SInv    .            (no boots)
Will    .....        r - amulet of reflection Stlth
                     b - +5 ring of evasion
HPRegen 0.32/turn    n - ring "Emiomanor" {rN+ Str+3 Int+2}
MPRegen 0.12/turn

%: reflection
@: studying Evocations
A: sickness immunity, AC +8, negative energy resistance 1, electricity
resistance, torment resistance 1, petrification resistance
a: Renounce Religion, Heroism


You were on level 10 of the Dungeon.
You worshipped Okawaru.
Okawaru was most pleased with you.
You visited 2 branches of the dungeon, and saw 11 of its levels.
You also visited: Bailey.

You collected 507 gold pieces.

Inventory:

Hand Weapons
 a - a +1 flail of flaming (weapon)
Missiles
 e - 2 throwing nets (quivered)
 s - 2 javelins
Armour
 c - a +0 buckler (worn)
 j - a +1 plate armour (worn)
 v - a +2 cloak (worn)
Jewellery
 b - a +5 ring of evasion (left hand)
 i - a ring of ice
 k - a ring of fire
 n - the ring "Emiomanor" (right hand) {rN+ Str+3 Int+2}
   (You found it on level 2 of the Dungeon)

   [ring of positive energy]

   Str+3:     It affects your strength (+3).
   Int+2:     It affects your intelligence (+2).
   rN+:       It protects you from negative energy.
 r - an amulet of reflection (around neck)
 A - a ring of ice
Wands
 B - a wand of iceblast (12)
 C - a wand of flame (57)
 E - a wand of digging (6)
Scrolls
 g - 3 scrolls of enchant weapon
 h - 3 scrolls of vulnerability
 l - 3 scrolls of revelation
 m - 2 scrolls of identify
 o - 3 scrolls of teleportation
 p - a scroll of noise
 q - a scroll of fear
 t - a scroll of blinking
 u - a scroll of fog
 w - 3 scrolls of immolation
 y - a scroll of enchant armour
 F - a scroll of poison
 G - a scroll of brand weapon
Potions
 d - 3 potions of mutation
 f - a potion of haste
 x - 2 potions of enlightenment
 z - 2 potions of might


   Skills:
 - Level 10.8 Fighting
 + Level 10.8 Maces & Flails
 - Level 10.6 Armour
 - Level 4.3 Shields
 + Level 6.5 Evocations


You had 10 spell levels left.
You didn't know any spells.
Your spell library contained the following spells:

 Spells                   Type           Power      Damage    Failure   Level
 Magic Dart               Conj           0%         1d3       98%         1
 Blink                    Tloc           0%         N/A       99%         2
 Lesser Beckoning         Tloc           0%         N/A       99%         2
 Momentum Strike          Conj/Tloc      0%         3d8       99%         2
 Searing Ray              Conj           0%         2d4       99%         2
 Hailstorm                Conj/Ice       0%         3d5       100%        3
 Fulminant Prism          Conj/Alch      0%         3d5       100%        4
 Manifold Assault         Tloc           0%         N/A       100%        4
 Vhi's Electric Charge    Tloc/Air       0%         N/A       100%        4
 Arcjolt                  Conj/Air       0%         1d10      100%        5
 Lee's Rapid Deconstruct  Erth           0%         3d4*      100%        5
 Dispersal                Tloc           0%         N/A       100%        6
 Plasma Beam              Fire/Air       0%         2x1d10    100%        6
 Borgnjor's Revivificati  Necr           0%         N/A       100%        8
 Disjunction              Tloc           0%         N/A       100%        8
 Death's Door             Necr           0%         N/A       100%        9
 Summon Ice Beast         Ice/Summ       Unusable   N/A       N/A         3
 Animate Armour           Summ/Erth      Unusable   N/A       N/A         4
 Summon Lightning Spire   Summ/Air       Unusable   N/A       N/A         4
 Sculpt Simulacrum        Ice/Alch       Unusable   N/A       N/A         6
 Haunt                    Necr/Summ      Unusable   N/A       N/A         7

Dungeon Overview and Level Annotations

Branches:
Dungeon (10/15)            Temple (1/1) D:7            Lair (0/5) D:8
 Bailey (visited)
    Orc: D:9-12

Altars:
Ashenzari
Cheibriados
Dithmenos
Elyvilon
Fedhas
Hepliaklqana
Kikubaaqudgha
Makhleb
Nemelex Xobeh
Okawaru
Qazlal
Ru
Trog
Uskayaw
Vehumet
Wu Jian
Xom
Yredelemnul
Zin
The Shining One


Innate Abilities, Weirdness & Mutations

You are immune to sickness and miasma.
Your stone body is resilient. (AC +8)
You are immune to poison.
You resist negative energy. (rN+)
You are resistant to electric shocks. (rElec)
You are resistant to unholy torment.
You are immune to petrification.


Message History

You thump the hornet! You burn the hornet.
You kill the hornet!
Okawaru accepts your kill.
You see here a hornet corpse.
The deep elf knight casts a spell.
The deep elf knight flickers and vanishes!
Unknown command.
An arrow appears from out of thin air!
The arrow hits you but does no damage.
You fail to use your ability.
Unknown command.
You gain the combat prowess of a mighty hero.
You can no longer speed up your combat.
Okay, then.
Okay, then.
You hear a bow twang.
An arrow appears from out of thin air!
The arrow hits you but does no damage. Something hits you but does no damage.
You see here a hornet corpse.
You closely miss something. You sock something! You burn something.
You hear some strange, mumbled words.
A lance of force appears from out of thin air!
The lance of force misses you.
You miss something. Something hits you but does no damage.
You barely miss something. You miss something.
Something hits you but does no damage.
You sock something! You burn something. Something barely misses you.
You completely miss something. Something completely misses you.
You miss something. You sock something! You burn something.
You hear some strange, mumbled words.
A shard of ice appears from out of thin air!
The shard of ice hits you!!!
Ouch! That really hurt!
You hit something. You burn something.
You feel like a meek peon again.
You hear some strange, mumbled words.
A shard of ice appears from out of thin air!
The shard of ice hits you!!
You die...

###)#########.####.###.##.# #..#
#......# #.##.# ##.## ##.#####
#.##+## ###...# #.# #.#...##
.###..# #.#######......## ..#.#.#
#..(............##
...##.########...####.........###
.................{..'.........'..
....#.######.#..@####.........###
..#.#.# ##.###.## ##.......##
......# ##.## ##.## ##.....##
###.### #.## ##.# ##...## #.#
##.## #.## ##+## #.# ##.###.# #.#
#.# ##.#.# #####.##### #.# ##.#
#####.......%.# #.#
##.###..........##.#


There were no monsters in sight!

Vanquished Creatures
  An orc warlord (Bailey)
  A yaktaur captain (D:10)
  Fannar (D:10)
  Pikel (D:6)
  2 orc knights
  2 trolls
  2 hornets (D:10)
  Prince Ribbit (D:9)
  2 vampires
  13 yaks
  A water moccasin (D:9)
  4 orc warriors
  Duvessa (D:6)
  A sky beast (D:7)
  2 ice beasts
  4 ogres
  3 lemures (D:6)
  6 bullfrogs
  3 scorpions
  Dowan (D:6)
  A killer bee (D:10)
  An electric eel (D:8)
  3 howler monkeys
  3 jellies
  Crazy Yiuf (D:4)
  2 bombardier beetles
  7 hounds
  5 orc priests
  Ijyb (D:5)
  5 iguanas
  A sleepcap (D:6)
  6 orc wizards
  A gnoll (Bailey)
  9 adders
  A shadow imp (D:6)
  3 white imps
  4 dart slugs
  3 ribbon worms
  24 orcs
  9 ball pythons
  3 endoplasms
  2 giant cockroaches (D:4)
  6 goblins
  8 hobgoblins
  10 jackals
  3 quokkas
  5 bats
  2 frilled lizards
  17 kobolds
  2 rats (D:2)
200 creatures vanquished.

Vanquished Creatures (others)
  An endoplasm (D:1)
1 creature vanquished.

Grand Total: 201 creatures vanquished

Notes
Turn   | Place    | Note
-------+----------+-------------------------------------------
     0 | D:1      | Doomgape the Gargoyle Fighter began the quest for the Orb.
     0 | D:1      | Reached XP level 1. HP: 14/14 MP: 1/1
   108 | D:1      | Found a faded altar of an unknown god.
   206 | D:1      | Reached XP level 2. HP: 19/19 MP: 2/2
   945 | D:2      | Reached XP level 3. HP: 22/23 MP: 3/3
  1184 | D:2      | Identified the ring "Emiomanor" {rN+ Str+3 Int+2}
  1201 | D:2      | Reached XP level 4. HP: 20/29 MP: 4/4
  1818 | D:3      | Noticed a scorpion
  1825 | D:3      | Killed a scorpion
  1826 | D:3      | Reached XP level 5. HP: 33/33 MP: 5/5
  2389 | D:4      | Noticed an ogre
  2395 | D:4      | Killed an ogre
  2396 | D:4      | Reached XP level 6. HP: 26/39 MP: 6/6
  2453 | D:4      | Found a blossoming altar of Fedhas.
  2658 | D:4      | Reached skill level 5 in Fighting
  2658 | D:4      | Reached skill level 5 in Armour
  2778 | D:4      | Reached XP level 7. HP: 39/44 MP: 7/7
  2932 | D:4      | Found a runed translucent door.
  2933 | D:4      | Noticed Crazy Yiuf
  2959 | D:4      | Killed Crazy Yiuf
  3462 | D:5      | Entered Level 5 of the Dungeon
  3523 | D:5      | Found Plog's Weapon Shoppe.
  3837 | D:5      | Noticed Ijyb
  3844 | D:5      | Paralysed by Ijyb for 4 turns
  3860 | D:5      | Paralysed by Ijyb for 4 turns
  3873 | D:5      | Paralysed by Ijyb for 3 turns
  3880 | D:5      | Killed Ijyb
  3922 | D:5      | Reached skill level 5 in Maces & Flails
  4003 | D:5      | Reached XP level 8. HP: 30/52 MP: 8/8
  5324 | D:7      | Noticed Duvessa
  5324 | D:7      | Noticed Dowan
  5342 | D:7      | Noticed Pikel
  5529 | D:6      | Killed Duvessa
  5532 | D:6      | Killed Dowan
  5535 | D:6      | Reached XP level 9. HP: 51/58 MP: 9/9
  5539 | D:6      | Killed Pikel
  5905 | D:7      | Found a staircase to the Ecumenical Temple.
  5914 | Temple   | Entered the Ecumenical Temple
  5927 | Temple   | Became a worshipper of Warmaster Okawaru
  6133 | D:7      | Found a sacrificial altar of Ru.
  6798 | D:8      | Reached * piety under Okawaru
  6818 | D:8      | Reached XP level 10. HP: 31/66 MP: 10/10
  7140 | D:8      | Found a staircase to the Lair.
  7539 | D:9      | Found a flagged portal.
  7558 | Bailey   | Entered a bailey
  7563 | Bailey   | Noticed an orc warlord
  7683 | Bailey   | Noticed an orc knight
  7733 | Bailey   | Killed an orc knight
  7733 | Bailey   | Reached ** piety under Okawaru
  7995 | Bailey   | Found a runed translucent gate.
  8006 | Bailey   | Found a runed translucent gate.
  8007 | Bailey   | Found a runed translucent gate.
  8100 | Bailey   | Killed an orc warlord
  8101 | Bailey   | Reached skill level 10 in Fighting
  8101 | Bailey   | Reached skill level 10 in Armour
  8194 | D:9      | Reached *** piety under Okawaru
  8444 | D:9      | Noticed Prince Ribbit
  8451 | D:9      | Killed Prince Ribbit
  8796 | D:9      | Acquired a manual of Evocations
  8803 | D:10     | Entered Level 10 of the Dungeon
  8865 | D:10     | Reached skill level 1 in Evocations
  8865 | D:10     | Reached XP level 11. HP: 63/73 MP: 8/11
  8891 | D:10     | Reached skill level 10 in Maces & Flails
  9002 | D:10     | Noticed Fannar
  9035 | D:10     | Killed Fannar
  9129 | D:10     | Reached skill level 5 in Evocations
  9150 | D:10     | Noticed an orc knight
  9154 | D:10     | Reached **** piety under Okawaru
  9169 | D:10     | Noticed a yaktaur captain
  9173 | D:10     | Killed an orc knight
  9187 | D:10     | Killed a yaktaur captain
  9193 | D:10     | Noticed a deep elf knight
  9202 | D:10     | Noticed a two-headed ogre
  9505 | D:10     | Killed from afar by a deep elf knight

Illustrated notes

Levels and vault maps discovered:
D:1:      dpeg_arrival_long_road, layout_loops_ring,
          chequers_ecumenical_altar_simple_redux, serial_bayou_lagoon_a,
          nrook_campfire, chequers_jeans
D:2:      minmay_angry_zag, layout_rooms, minmay_ruptured
D:3:      layout_basic, serial_bayou_lake_a
D:4:      layout_loops_corners, mainiacjoe_overflow_cross_hatched,
          uniq_crazy_yiuf_cottage
D:5:      layout_basic, serial_shops, nicolae_inconvenience_store,
          nicolae_titane, uniq_ijyb
D:6:      layout_cave_pods
D:7:      layout_cave_pools, nicolae_ru_the_path_less_chosen,
          minmay_temple_entry_sparse_star, nicolae_twisty_statue_hallways,
          uniq_pikel, uniq_duvessa
D:8:      layout_basic, dpeg_oklobed_lair, nicolae_kite_square_tiling_tiny
D:9:      layout_roguey, enter_bailey_2, uniq_prince_ribbit1
D:10:     layout_loops_corners, gammafunk_temple_overflow_pools,
          nicolae_doodle_vault, uniq_fannar
Temple:   mainiacjoe_temple_coin_purse

Skill      XL: |  1  2  3  4  5  6  7  8  9 10 11 |
---------------+----------------------------------+-----
Shields        | 4 |  4.3
Fighting       | 4 5 6 7 9 10 | 10.8
Maces & Flails | 3 4 5 6 8 9 10 | 10.8
Armour         | 4 5 6 7 9 10 | 10.6
Evocations     | 1 6 |  6.5

Action                     |  1- 3 |  4- 6 |  7- 9 | 10-12 || total
---------------------------+-------+-------+-------+-------++-------
  Melee: Flail             |   138 |   132 |   415 |   326 ||  1011
 Invoke: Heroism           |       |       |       |     9 ||     9
  Evoke: Wand              |       |       |       |    22 ||    22
    Use: Scroll            |     6 |     1 |    11 |     5 ||    23
         Potion            |       |     1 |     1 |     5 ||     7
   Stab: Paralysed         |       |       |       |     4 ||     4
         Invisible         |       |       |       |     1 ||     1
 Armour: Scale mail        |    35 |       |       |       ||    35
         Plate armour      |    88 |    55 |   222 |   194 ||   559
  Dodge: Dodged            |    72 |    43 |   175 |   121 ||   411
  Block: Buckler           |    42 |    48 |   181 |   125 ||   396
         Reflection        |       |       |     3 |     6 ||     9
